 Dungeon Crawl Stone Soup version 0.31.0-32-g396128a36d (webtiles) character file.

Game seed: 13007171196945353147

74 jagang the Slasher (level 4, -4/35 HPs)
             Began as a Human Monk on Mar 15, 2024.
             Slain by a sleepcap (8 damage)
             ... on level 5 of the Dungeon.
             The game lasted 00:01:59 (905 turns).

jagang the Slasher (Human Monk)                      Turns: 905, Time: 00:02:00

Health: -4/35      AC:  3    Str: 11    XL:     4   Next: 30%
Magic:  4/4        EV: 13    Int: 11    God:
Gold:   54         SH:  0    Dex: 17    Spells: 3/3 levels left

rFire   . . .        a - +0 falchion
rCold   . . .        d - orb {light}
rNeg    . . .        b - +0 robe
rPois   .            k - +0 helmet
rElec   .            (no cloak)
rCorr   .            (no gloves)
SInv    .            (no boots)
Will    .....        (no amulet)
Stlth   +            (no ring)
HPRegen 0.25/turn    (no ring)
MPRegen 0.09/turn

%: no passive effects
@: glowing
A: explore regen
a: no special abilities


You were on level 5 of the Dungeon.
You visited 1 branch of the dungeon, and saw 4 of its levels.

You collected 54 gold pieces.

Inventory:

Hand Weapons
 a - a +0 falchion (weapon)
Missiles
 e - 2 atropa-tipped darts (quivered)
Armour
 b - a +0 robe (worn)
 d - an orb of light (worn)
 k - a +0 helmet (worn)
Jewellery
 o - a ring of magical power
Scrolls
 g - a scroll of noise {unknown}
 h - a scroll of butterflies {unknown}
 i - a scroll of teleportation {unknown}
 j - 2 scrolls of amnesia {unknown}
 l - a scroll of identify {unknown}
 n - a scroll of poison {unknown}
 p - 2 scrolls of enchant weapon {unknown}
 q - a scroll of vulnerability {unknown}
Potions
 c - a potion of ambrosia
 f - a potion of curing {unknown}
 m - a potion of might {unknown}


   Skills:
 - Level 3.0 Fighting
 * Level 4.4 Long Blades
 + Level 1.9 Throwing
 - Level 3.0 Dodging


You had 3 spell levels left.
You didn't know any spells.
Your spell library contained the following spells:

 Spells                   Type           Power      Damage    Failure   Level
 Lesser Beckoning         Tloc           0%         N/A       47%         2
 Gell's Gravitas          Tloc           0%         N/A       71%         3
 Teleport Other           Tloc           0%         N/A       71%         3


Dungeon Overview and Level Annotations

Branches:
Dungeon (5/15)
 Temple: D:4-7

Altars:


Innate Abilities, Weirdness & Mutations

You regain HP and MP as you explore.


Message History

The sleepcap closely misses you.
You hit the sleepcap but do no damage.
The sleepcap is lightly damaged.
The sleepcap barely misses you.
You hit the sleepcap but do no damage.
The sleepcap is lightly damaged.
The sleepcap releases spores at you.
You are engulfed in a cloud of soporific spores!
You fall asleep.
The sleepcap releases spores at you!
You wake up.
You hit the sleepcap.
The sleepcap is lightly damaged.
The sleepcap releases spores at you.
You hit the sleepcap but do no damage.
The sleepcap is lightly damaged.
The sleepcap releases spores at you!
* * * LOW HITPOINT WARNING * * *
You hit the sleepcap.
The sleepcap is moderately damaged.
The sleepcap closely misses you.
You slash the sleepcap!
The sleepcap is heavily damaged.
The sleepcap closely misses you.
You hit the sleepcap but do no damage.
The sleepcap is heavily damaged.
The sleepcap closely misses you.
You hit the sleepcap.
The sleepcap is severely damaged.
The sleepcap barely misses you.
You hit the sleepcap but do no damage.
The sleepcap is severely damaged.
The sleepcap releases spores at you.
* * * LOW HITPOINT WARNING * * *
You completely miss the sleepcap.
The sleepcap is severely damaged.
The sleepcap barely misses you.
You hit the sleepcap but do no damage.
The sleepcap is severely damaged.
The sleepcap releases spores at you!
You die...

.....#
#....#
#....+
#....#
+######....#
......(....#
...........#
......)@...#
.......f...#
...........#
#####+#....#
#....#
#....#
#....#
#....#


You could see a sleepcap.

Vanquished Creatures
  A hound (D:4)
  3 dart slugs
  A ribbon worm (D:2)
  2 orcs
  4 bats
  2 endoplasms (D:1)
  3 giant cockroaches
  A goblin (D:2)
  3 hobgoblins
  3 jackals (D:2)
  2 kobolds (D:1)
  2 quokkas (D:1)
  4 ball pythons
  A frilled lizard (D:2)
  3 rats
35 creatures vanquished.

Notes
Turn   | Place    | Note
-------+----------+-------------------------------------------
     0 | D:1      | jagang the Human Monk began the quest for the Orb.
     0 | D:1      | Reached XP level 1. HP: 18/18 MP: 1/1
    69 | D:1      | Reached XP level 2. HP: 17/24 MP: 2/2
   240 | D:1      | Reached skill level 1 in Throwing
   660 | D:2      | Reached XP level 3. HP: 29/29 MP: 3/3
   741 | D:2      | Reached skill level 4 in Long Blades
   804 | D:2      | You fall into a shaft and drop 2 floors!
   818 | D:4      | Reached XP level 4. HP: 27/35 MP: 4/4
   886 | D:5      | Entered Level 5 of the Dungeon
   905 | D:5      | Slain by a sleepcap

Illustrated notes

Levels and vault maps discovered:
D:1:      ncdulo_watergridlock, layout_rooms, roderic_roman_lattice
D:2:      layout_basic
D:4:      layout_cave_pools, minmay_temple_entry_overgrown, ebering_ghost_gozag
D:5:      layout_gridville, gammafunk_ghost_split

Skill      XL: |  1  2  3 |
---------------+----------+-----
Throwing       | 1 |  1.9
Long Blades    | 4 |  4.4
Fighting       | |  3.0
Dodging        | |  3.0

Action                     |  1- 3 |  4- 6 || total
---------------------------+-------+-------++-------
  Melee: Falchion          |    78 |    27 ||   105
 Armour: Robe              |    43 |    17 ||    60
  Dodge: Dodged            |    64 |    19 ||    83
